 Dungeon Crawl Stone Soup version 0.30-a0-718-geaa24f58ff (webtiles) character file.

Game seed: 9307089779978071916

124 Shayle the Sneak (level 5, -1/32 HPs)
             Began as a Tengu Brigand on Jan 25, 2023.
             Killed from afar by Ijyb (16 damage)
             ... with a bolt of acid
             ... on level 3 of the Dungeon.
             The game lasted 00:08:21 (1891 turns).

Shayle the Sneak (Tengu Brigand)                    Turns: 1891, Time: 00:08:21

Health: -1/32      AC:  5    Str: 11    XL:     5   Next: 8%
Magic:  6/6        EV: 15    Int: 13    God:
Gold:   123        SH:  0    Dex: 16    Spells: 4/4 levels left

rFire   + . .      SeeInvis +    g - +1 dagger (elec)
rCold   . . .      Faith    .    (no shield)
rNeg    . . .      Spirit   .    b - +0 robe
rPois   .          Reflect  .    r - +2 hat {SInv}
rElec   .          Harm     .    c - +0 cloak
rCorr   .          Rampage  .    (no gloves)
Will    .....                    (boots unavailable)
Stlth   +++                      (no amulet)
HPRegen 0.25/turn                l - ring of protection from fire
MPRegen 0.10/turn                (no ring)

@: flying quickly and evasively, quick
A: beak, talons 3, nimble flight
a: no special abilities


You were on level 3 of the Dungeon.
You visited 1 branch of the dungeon, and saw 3 of its levels.

You collected 123 gold pieces.

Inventory:

Hand Weapons
 a - a +2 dagger
 g - a +1 dagger of electrocution (weapon)
 q - a +1 spectral club
Missiles
 d - 13 poisoned darts (quivered)
 e - 3 curare-tipped darts
Armour
 b - a +0 robe (worn)
 c - a +0 cloak (worn)
 r - a +2 hat of see invisible (worn)
Jewellery
 l - a ring of protection from fire (left hand)
 u - a ring of positive energy
Wands
 t - a wand of flame (21)
Scrolls
 f - 2 scrolls of teleportation {unknown}
 j - 2 scrolls of enchant weapon {unknown}
 k - a scroll of immolation {unknown}
 m - 6 scrolls of identify {unknown}
 p - 3 scrolls of enchant armour {unknown}
 s - a scroll of torment {unknown}
Potions
 h - 2 potions of degeneration {unknown}
 i - a potion of magic {unknown}
 n - a potion of lignification {unknown}
 o - a potion of heal wounds {unknown}
 v - a potion of curing {unknown}


   Skills:
 + Level 3.3 Fighting
 - Level 2.1 Short Blades
 - Level 2.0 Throwing
 + Level 3.0 Dodging
 + Level 5.0 Stealth


You had 4 spell levels left.
You didn't know any spells.
Your spell library contained the following spells:

 Spells                   Type           Power      Damage    Failure   Level
 Magic Dart               Conj           0%         1d3       30%         1
 Call Imp                 Summ           0%         N/A       43%         2
 Mephitic Cloud           Conj/Pois/Air  0%         N/A       67%         3


Dungeon Overview and Level Annotations

Branches:
Dungeon (3/15)

Altars:

Annotations:
D:3 1 runed translucent door, Ijyb; elongatedgoose's ghost, amateur DsBe


Innate Abilities, Weirdness & Mutations

You have a beak for a mouth.
You have claws for feet.
Your magical nature lets you fly swiftly and evasively.


Message History

You see here a dart slug corpse.
HP restored.
u - a ring of positive energy
Found an escape hatch in the ceiling.
There is an escape hatch in the floor here.
A bat comes into view.
The bat barely misses you.
You hit the bat. You peck the bat.
You kill the bat!
An adder comes into view.
A ball python comes into view.
A goblin comes into view. It is wielding a +0 dagger.
Found 4 stones and 16 gold pieces.
The helpless adder fails to defend itself.
You impale the adder!!
You kill the adder!
Your Dodging skill increases to level 3!
Your Stealth skill increases to level 5!
You have reached level 5!
Your magical nature develops, letting you fly swiftly and evasively.
The goblin completely misses you.
You hit the goblin. Lightning courses through the goblin!
You kill the goblin!
You see here a +0 dagger.
Found an emerald potion.
You see here an adder corpse.
You hit the ball python.
You kill the ball python!
Found a stone staircase leading down.
You see here a ball python corpse.
v - an emerald potion Ijyb and a worm come into view.
Ijyb is wielding a +0 club and carrying a wand of acid (3).
Ijyb shouts!
Found a scroll labelled RONNUIRGHULISA.
Ijyb zaps a wand.
The bolt of acid hits you!
Ouch! That really hurt!
Ijyb zaps a wand.
The bolt of acid hits you!
Ouch! That really hurt!
You die...

####### #....?#
########## #.....#
##### #......>.#
#.....# #....
#........# #.....#
#.... #........#
#$..$.# #....
#........###@.w..#
#....
#........#....g..#
#....
#..........#.....#
#....
#.........##.....#
#....
#......†.##......#
##..#
#......†.#..######
##.<# #######.#..#
#...# #.....##
#.#.# ###)##.##
###.#.#


You could see Ijyb and a worm.

Vanquished Creatures
  Jessica (D:2)
  2 adders
  A worm (D:2)
  2 dart slugs
  2 orcs
  7 ball pythons
  An endoplasm (D:1)
  4 giant cockroaches
  8 goblins
  7 hobgoblins
  8 kobolds
  2 quokkas
  12 bats
  5 frilled lizards
  4 rats
66 creatures vanquished.

Notes
Turn   | Place    | Note
-------+----------+-------------------------------------------
     0 | D:1      | Shayle the Tengu Brigand began the quest for the Orb.
     0 | D:1      | Reached XP level 1. HP: 12/12 MP: 2/2
    86 | D:1      | Reached XP level 2. HP: 14/17 MP: 3/3
   269 | D:1      | Reached XP level 3. HP: 22/22 MP: 4/4
   313 | D:1      | Found a faded altar of an unknown god.
   780 | D:2      | Reached XP level 4. HP: 27/27 MP: 5/5
   886 | D:2      | Noticed Jessica
   893 | D:2      | Killed Jessica
  1620 | D:3      | Found a runed translucent door.
  1631 | D:3      | Noticed elongatedgoose's ghost (amateur DsBe)
  1652 | D:3      | Found the +18 Lear's hauberk
  1862 | D:3      | Reached skill level 5 in Stealth
  1862 | D:3      | Gained mutation: Your magical nature lets you fly swiftly
                  | and evasively. [Tengu growth]
  1862 | D:3      | Reached XP level 5. HP: 32/32 MP: 6/6
  1888 | D:3      | Noticed Ijyb
  1891 | D:3      | Killed from afar by Ijyb

Illustrated notes

Levels and vault maps discovered:
D:1:      dpeg_arrival_boxes_within_box, layout_rooms,
          hellmonk_ecumenical_altar_inner_sanctum, minmay_indecisive_spiral
D:2:      layout_basic, chequers_serial_rivers_large_a, minmay_puff,
          uniq_jessica
D:3:      layout_rooms, tgw_fedhas, ebering_ghost_sewer_f, uniq_ijyb

Skill      XL: |  1  2  3  4 |
---------------+-------------+-----
Dodging        | 2 3 |  3.0
Fighting       | 3 |  3.3
Stealth        | 5 |  5.0
Short Blades   | |  2.1
Throwing       | |  2.0

Action                     |  1- 3 |  4- 6 || total
---------------------------+-------+-------++-------
  Melee: Dagger            |    61 |    34 ||    95
         Peck              |     8 |    10 ||    18
         Kick              |    15 |     9 ||    24
   Stab: Sleeping          |     9 |     9 ||    18
 Armour: Robe              |    18 |     4 ||    22
  Dodge: Dodged            |    41 |    12 ||    53

Table legend: (Time is in decaauts)
 A = Elapsed time spent in this place.
 B = Non-inter-level travel time spent in this place.
 C = Inter-level travel time spent in this place.
 D = Time resting spent in this place.
 E = Time spent auto-exploring this place.
 F = Levels seen in this place.
 G = Mean time per level.
                   A        B        C        D        E       F      G
               +--------+--------+--------+--------+--------+-----+--------+
         Total |   1888 |   1796 |     92 |      0 |   1222 |   3 |  629.3 |
       Dungeon |   1888 |   1796 |     92 |      0 |   1222 |   3 |  629.3 |
               +--------+--------+--------+--------+--------+-----+--------+

Top non-repeatable levels by time:
     D:2: 1020 daAuts
     D:1: 582 daAuts
     D:3: 286 daAuts
